 Dungeon Crawl Stone Soup version 0.31-a0-844-gdc52ec4e09 (webtiles) character file.

Game seed: 10190174176684860834

574 randomguy2701 the Nimble (level 7, -1/63 HPs)
             Began as a Gnoll Wanderer on Sept 30, 2023.
             Slain by an ice beast (9 damage)
             ... on level 4 of the Dungeon.
             The game lasted 00:07:07 (5596 turns).

randomguy2701 the Nimble (Gnoll Wanderer)           Turns: 5596, Time: 00:07:08

Health: -1/63      AC:  7    Str: 13    XL:     7   Next: 35%
Magic:  12/12      EV: 15    Int: 11    God:
Gold:   223        SH:  0    Dex: 12    Spells: 12/13 levels left

rFire   . . .        r - +1 dagger (freeze)
rCold   . . .        (no shield)
rNeg    + . .        e - +0 leather armour
rPois   .            q - +1 helmet
rElec   .            (no cloak)
rCorr   .            l - +0 pair of gloves
SInv    .            k - +0 pair of boots
Will    .....        (no amulet)
Stlth   ++           u - ring of positive energy
HPRegen 0.30/turn    (no ring)
MPRegen 0.13/turn

%: no passive effects
@: no status effects
A: fangs 1, strong nose, distributed training
a: no special abilities


You were on level 4 of the Dungeon.
You visited 1 branch of the dungeon, and saw 5 of its levels.
You also visited: Sewer.

You collected 223 gold pieces.

Inventory:

Hand Weapons
 a - a +0 club
 r - a +1 dagger of freezing (weapon)
Missiles
 b - 2 throwing nets (quivered)
Armour
 e - a +0 leather armour (worn)
 k - a +0 pair of boots (worn)
 l - a +0 pair of gloves (worn)
 q - a +1 helmet (worn)
Jewellery
 u - a ring of positive energy (left hand)
 v - an amulet of guardian spirit
Scrolls
 d - 2 scrolls of teleportation
 f - 2 scrolls of blinking {unknown}
 g - 2 scrolls of immolation
 j - 8 scrolls of identify {unknown}
 o - a scroll of poison {unknown}
 p - 2 scrolls of enchant armour {unknown}
 s - a scroll of vulnerability {unknown}
 w - a scroll of silence {unknown}
 y - a scroll of torment {unknown}
 A - a scroll of revelation {unknown}
Potions
 c - a potion of lignification
 h - 3 potions of mutation
 i - a potion of curing {unknown}
 m - a potion of berserk rage
 n - 3 potions of heal wounds
 t - a potion of magic {unknown}
 x - a potion of cancellation {unknown}
 z - 5 potions of enlightenment
 B - a potion of haste {unknown}


   Skills:
 + Level 8.9 Fighting
 + Level 2.5 Short Blades
 + Level 2.5 Long Blades
 + Level 2.5 Axes
 + Level 2.5 Maces & Flails
 + Level 2.5 Polearms
 + Level 2.5 Staves
 + Level 2.5 Ranged Weapons
 + Level 2.5 Throwing
 + Level 2.5 Armour
 + Level 8.9 Dodging
 + Level 2.5 Stealth
 + Level 2.5 Shields
 + Level 2.5 Unarmed Combat
 + Level 3.8 Spellcasting
 + Level 2.0 Conjurations
 + Level 2.0 Hexes
 + Level 2.0 Summonings
 + Level 2.0 Necromancy
 + Level 2.0 Translocations
 + Level 2.0 Transmutations
 + Level 3.0 Fire Magic
 + Level 2.0 Ice Magic
 + Level 2.0 Air Magic
 + Level 2.0 Earth Magic
 + Level 2.0 Poison Magic
 + Level 2.7 Invocations
 + Level 2.5 Evocations
 + Level 2.2 Shapeshifting


You had 12 spell levels left.
You knew the following spells:

 Your Spells              Type           Power      Damage    Failure   Level
a - Foxfire               Conj/Fire      28%        2x1d5     11%         1

Your spell library contained the following spells:

 Spells                   Type           Power      Damage    Failure   Level
 Necrotise                Necr           24%        1d5       13%         1
 Cigotuvi's Dreadful Rot  Necr/Pois/Air  12%        N/A       21%         2
 Volatile Blastmotes      Fire/Tloc      14%        2d11      32%         3
 Vampiric Draining        Necr           6%         2d6       36%         3
 Dispel Undead            Necr           6%         3d8       78%         4
 Agony                    Necr           6%         N/A       98%         5
 Death Channel            Necr           3%         N/A       100%        6


Dungeon Overview and Level Annotations

Branches:
Dungeon (5/15)              Sewer (visited)
 Temple: D:4-7

Altars:


Innate Abilities, Weirdness & Mutations

You have very sharp teeth.
Your uncanny sense of smell can sniff out nearby items.
Your experience applies equally to all skills.


Message History

The ice beast is moderately wounded.
The ice beast completely misses you.
The ice beast attacks as it pursues you!
The ice beast hits you but does no damage.
Found 7 stones.
An orc wizard appears from thin air!
Reactivating autopickup.
There is a stone staircase leading up here.
The ice beast hits you but does no damage.
You climb upwards.
There is a stone staircase leading down here.
You barely miss the ice beast.
The ice beast is moderately wounded.
The ice beast misses you.
You barely miss the ice beast.
The ice beast is moderately wounded.
You closely miss the ice beast.
The ice beast is moderately wounded.
The ice beast hits you but does no damage.
You closely miss the ice beast.
The ice beast is moderately wounded.
The ice beast closely misses you.
You hit the ice beast.
The ice beast is moderately wounded.
The ice beast hits you.
* * * LOW HITPOINT WARNING * * *
The ice beast freezes you.
* * * LOW HITPOINT WARNING * * *
You closely miss the ice beast.
The ice beast is moderately wounded.
The ice beast completely misses you.
You closely miss the ice beast.
The ice beast is moderately wounded.
The ice beast barely misses you.
You hit the ice beast.
The ice beast is moderately wounded.
The ice beast hits you.
* * * LOW HITPOINT WARNING * * *
The ice beast freezes you!
You die...

#.# #.#
#####.###~~####~
#.# #.#
#.......#### ##
##.### #.#
#.####### .....#
#.# #.# .....#
#.# #.# .....#
#.# #.# .....#
#.# #.# .....#
#.########.#
######
#......Y@..#
############


You could see an ice beast.

Vanquished Creatures
  An ogre (D:5)
  A phantom (D:4)
  2 iguanas (D:4)
  An orc wizard (D:4)
  Robin (D:2)
  4 gnolls (D:4)
  11 adders
  4 river rats
  2 worms (D:2)
  2 dart slugs (D:4)
  3 orcs
  9 endoplasms
  3 giant cockroaches
  20 goblins
  7 hobgoblins
  8 jackals
  11 kobolds
  12 quokkas
  14 ball pythons
  13 bats
  7 frilled lizards
  7 rats
143 creatures vanquished.

Notes
Turn   | Place    | Note
-------+----------+-------------------------------------------
     0 | D:1      | randomguy2701 the Gnoll Wanderer began the quest for the
                  | Orb.
     0 | D:1      | randomguy2701 set off with the following items: a +0 club,
                  | 2 throwing nets, a potion of lignification, a scroll of
                  | teleportation, a +0 leather armour; and the following spell
                  | memorised: Foxfire; and the following spells available to
                  | memorise: Volatile Blastmotes.
     0 | D:1      | Reached XP level 1. HP: 26/26 MP: 4/4
   144 | D:1      | Reached XP level 2. HP: 32/33 MP: 5/5
   371 | D:1      | Found a faded altar of an unknown god.
   421 | D:1      | Reached XP level 3. HP: 35/38 MP: 7/7
  1166 | D:2      | Reached skill level 1 in Invocations
  1285 | D:2      | Reached skill level 1 in Short Blades
  1285 | D:2      | Reached skill level 1 in Long Blades
  1285 | D:2      | Reached skill level 1 in Axes
  1285 | D:2      | Reached skill level 1 in Maces & Flails
  1285 | D:2      | Reached skill level 1 in Polearms
  1285 | D:2      | Reached skill level 1 in Staves
  1285 | D:2      | Reached skill level 1 in Ranged Weapons
  1285 | D:2      | Reached skill level 1 in Throwing
  1285 | D:2      | Reached skill level 1 in Armour
  1285 | D:2      | Reached skill level 1 in Stealth
  1285 | D:2      | Reached skill level 1 in Shields
  1285 | D:2      | Reached skill level 1 in Unarmed Combat
  1285 | D:2      | Reached skill level 1 in Evocations
  1426 | D:2      | Reached XP level 4. HP: 45/45 MP: 8/8
  1502 | D:2      | Reached skill level 1 in Shapeshifting
  2065 | D:2      | Noticed Robin
  2075 | D:2      | Killed Robin
  2076 | D:2      | Reached skill level 1 in Conjurations
  2076 | D:2      | Reached skill level 1 in Hexes
  2076 | D:2      | Reached skill level 1 in Summonings
  2076 | D:2      | Reached skill level 1 in Necromancy
  2076 | D:2      | Reached skill level 1 in Translocations
  2076 | D:2      | Reached skill level 1 in Transmutations
  2076 | D:2      | Reached skill level 1 in Ice Magic
  2076 | D:2      | Reached skill level 1 in Air Magic
  2076 | D:2      | Reached skill level 1 in Earth Magic
  2076 | D:2      | Reached skill level 1 in Poison Magic
  2782 | D:3      | Reached XP level 5. HP: 50/51 MP: 9/9
  3270 | D:4      | Noticed a phantom
  3347 | D:4      | Killed a phantom
  3636 | D:4      | Reached XP level 6. HP: 57/57 MP: 10/10
  3686 | D:4      | Found a glowing drain.
  3694 | Sewer    | Entered a sewer
  5075 | D:4      | Reached XP level 7. HP: 63/63 MP: 12/12
  5442 | D:5      | Entered Level 5 of the Dungeon
  5596 | D:4      | Slain by an ice beast

Illustrated notes

Levels and vault maps discovered:
D:1:      kilobyte_arrival_exit_the_forest, layout_basic,
          hellmonk_ecumenical_altar_blasted, chequers_serial_rivers_marsh,
          supply_closet_lemuel, nrook_mini_vaults
D:2:      minmay_angry_zag, layout_loops_corners, minmay_strange_pillars,
          uniq_robin
D:3:      kennysheep_big_flooded_room, layout_basic
D:4:      layout_loops_ring, gup_sewer_entry_bubbles
D:5:      layout_loops_ring, grunt_temple_overflow_open

Skill      XL: |  1  2  3  4  5  6  7 |
---------------+----------------------+-----
Fire Magic     | 2 3 |  3.0
Invocations    | 1 2 |  2.7
Short Blades   | 1 2 |  2.5
Long Blades    | 1 2 |  2.5
Axes           | 1 2 |  2.5
Maces & Flails | 1 2 |  2.5
Polearms       | 1 2 |  2.5
Staves         | 1 2 |  2.5
Ranged Weapons | 1 2 |  2.5
Throwing       | 1 2 |  2.5
Armour         | 1 2 |  2.5
Stealth        | 1 2 |  2.5
Shields        | 1 2 |  2.5
Unarmed Combat | 1 2 |  2.5
Evocations     | 1 2 |  2.5
Shapeshifting  | 1 2 |  2.2
Spellcasting   | 3 |  3.8
Conjurations   | 1 2 |  2.0
Hexes          | 1 2 |  2.0
Summonings     | 1 2 |  2.0
Necromancy     | 1 2 |  2.0
Translocations | 1 2 |  2.0
Transmutations | 1 2 |  2.0
Ice Magic      | 1 2 |  2.0
Air Magic      | 1 2 |  2.0
Earth Magic    | 1 2 |  2.0
Poison Magic   | 1 2 |  2.0
Fighting       | |  8.9
Dodging        | |  8.9

Action                     |  1- 3 |  4- 6 |  7- 9 || total
---------------------------+-------+-------+-------++-------
  Melee: Club              |   173 |   119 |       ||   292
         Bite              |    15 |    46 |     5 ||    66
         Punch             |     1 |     5 |     1 ||     7
         Dagger            |       |   396 |    71 ||   467
    Use: Potion            |       |     2 |       ||     2
   Stab: Sleeping          |     1 |     4 |       ||     5
 Armour: Leather armour    |   120 |   258 |    24 ||   402
  Dodge: Dodged            |   158 |   368 |    34 ||   560

Table legend: (Time is in decaauts)
 A = Elapsed time spent in this place.
 B = Non-inter-level travel time spent in this place.
 C = Inter-level travel time spent in this place.
 D = Time resting spent in this place.
 E = Time spent auto-exploring this place.
 F = Levels seen in this place.
 G = Mean time per level.
                   A        B        C        D        E       F      G
               +--------+--------+--------+--------+--------+-----+--------+
         Total |   5893 |   5578 |    315 |     39 |   3960 |   6 |  982.2 |
       Dungeon |   4744 |   4429 |    315 |     39 |   3259 |   5 |  948.8 |
         Sewer |   1149 |   1149 |      0 |      0 |    701 |   1 | 1149.0 |
               +--------+--------+--------+--------+--------+-----+--------+

Top non-repeatable levels by time:
     D:2: 1440 daAuts
     D:4: 1330 daAuts
   Sewer: 1149 daAuts
     D:1: 1021 daAuts
     D:3: 809 daAuts
     D:5: 141 daAuts
